 Seeded DCSS version 0.30.1-4-g462c640d31 (webtiles) character file.

Game seed: 6351066067085065685 (custom seed)

2023 Esekla the Thaumaturge (level 9, 0/45 HPs)
             Began as a Deep Elf Necromancer on Aug 15, 2023.
             Was a Priest of Vehumet.
             Slain by a gnoll sergeant
             ... wielding a +4 trident of venom
              (14 damage)
             ... on level 7 of the Dungeon.
             The game lasted 00:24:28 (5016 turns).

Esekla the Thaumaturge (Deep Elf Necromancer)       Turns: 5016, Time: 00:24:29

Health: 0/45       AC:  5    Str:  5    XL:     9   Next: 3%
Magic:  22/23      EV: 15    Int: 25    God:    Vehumet [***...]
Gold:   361        SH:  0    Dex: 18    Spells: 15/25 levels left

rFire   . . .        l - +5 rapier of the Hero {heavy, rN+ Dex+3}
rCold   . . .        (no shield)
rNeg    + . .        a - +0 robe
rPois   .            g - +0 helmet
rElec   .            D - +0 cloak
rCorr   .            i - +0 pair of gloves
SInv    .            (no boots)
Will    .....        z - amulet of magic regeneration
Stlth   +++          (no ring)
HPRegen 0.27/turn    (no ring)
MPRegen 0.58/turn

%: no passive effects
@: no status effects
A: no striking features
a: Renounce Religion


You were on level 7 of the Dungeon.
You worshipped Vehumet.
Vehumet was most pleased with you.
You visited 1 branch of the dungeon, and saw 7 of its levels.

You collected 361 gold pieces.

Inventory:

Hand Weapons
 l - the +5 rapier of the Hero (weapon) {heavy, rN+ Dex+3}
   (You found it on level 3 of the Dungeon)

   Dex:       It affects your dexterity (+3).
   rN:        It protects you from negative energy.
 r - a +0 trident
Missiles
 s - 18 poisoned darts (quivered)
Armour
 a - a +0 robe (worn)
 g - a +0 helmet (worn)
 i - a +0 pair of gloves (worn)
 D - a +0 cloak (worn)
Jewellery
 z - an amulet of magic regeneration (around neck)
Wands
 c - a wand of roots (21)
 B - a wand of flame (14)
Scrolls
 e - 2 scrolls of fear
 k - a scroll of immolation {unknown}
 m - 2 scrolls of blinking {unknown}
 o - 2 scrolls of fog {unknown}
 q - 8 scrolls of identify {unknown}
 u - a scroll of enchant armour {unknown}
 v - 2 scrolls of amnesia {unknown}
 w - 3 scrolls of enchant weapon {unknown}
 x - a scroll of summoning {unknown}
 y - a scroll of magic mapping {unknown}
 C - a scroll of silence {unknown}
 E - a scroll of teleportation {unknown}
Potions
 b - a potion of magic
 d - 3 potions of ambrosia {unknown}
 f - a potion of mutation {unknown}
 h - 4 potions of curing
 j - 3 potions of attraction {unknown}
 n - 3 potions of brilliance {unknown}
 p - 2 potions of heal wounds {unknown}
 t - a potion of haste {unknown}
 A - a potion of lignification {unknown}


   Skills:
 + Level 3.8 Short Blades
 + Level 1.5 Throwing
 * Level 6.0 Dodging
 + Level 4.6 Stealth
 * Level 8.7 Spellcasting
 * Level 8.2 Necromancy
 * Level 4.4 Translocations


You had 15 spell levels left.
You knew the following spells:

 Your Spells              Type           Power      Damage    Failure   Level
a - Necrotise             Necr           100%       1d9       1%          1
b - Sandblast             Erth           20%        2d7       1%          1
c - Momentum Strike       Conj/Tloc      42%        3d9       1%          2
d - Vampiric Draining     Necr           51%        2d9       1%          3
t - Teleport Other        Tloc           32%        N/A       2%          3

Your spell library contained the following spells:

 Spells                   Type           Power      Damage    Failure   Level
 Lesser Beckoning         Tloc           64%        N/A       1%          2
 Animate Dead             Necr           51%        N/A       1%          4
 Gell's Gravitas          Tloc           32%        N/A       2%          3
 Agony                    Necr           51%        N/A       5%          5
 Spider Form              Tmut/Pois      10%        N/A       17%         3
 Cause Fear               Hex            5%         N/A       50%         4
 Summon Mana Viper        Hex/Summ       10%        N/A       83%         5


Dungeon Overview and Level Annotations

Branches:
Dungeon (7/15)             Temple (0/1) D:6

Altars:
Dithmenos
Fedhas
Hepliaklqana
Okawaru
Qazlal
Trog
Vehumet
Zin
The Shining One

Shops:
D:2 =   D:4 (


Message History

Okay, then.
The gnoll barely misses you.
Things that are here:
a +0 flail; a gnoll corpse
Casting: Vampiric Draining (safe; 1% risk of failure)
Confirm with . or Enter, or press ? or * to list all spells.
Aiming: Vampiric Draining (safe; 1% risk of failure)
Press: ? - help, Shift-Dir - straight line, f/p - gnoll
Aim: a gnoll, wielding a +0 spear You draw life force from the gnoll.
You feel life coursing into your body. The gnoll barely misses you.
The gnoll attacks as you move away! The gnoll hits you with a +0 spear.
Found a yellow potion.
A centaur comes into view.
The centaur shouts!
The centaur wields a +0 shortbow.
The centaur shoots an arrow.
The arrow hits you!
The centaur unwields a +0 shortbow.
The centaur completely misses you. The centaur kicks you. The centaur hits you.
The centaur kicks you.
Casting: Vampiric Draining (safe; 1% risk of failure)
Confirm with . or Enter, or press ? or * to list all spells.
Aiming: Vampiric Draining (safe; 1% risk of failure)
Press: ? - help, Shift-Dir - straight line, f - centaur, p - gnoll
Aim: a centaur You draw life force from the centaur.
You feel life coursing into your body. The centaur barely misses you.
The centaur closely misses you.
The gnoll sergeant hits you from afar with a +4 trident of venom!
* * * LOW HITPOINT WARNING * * *
You are lethally poisoned!
It was a potion of curing.
You feel better. The centaur hits you. The centaur barely misses you.
The gnoll sergeant hits you from afar with a +4 trident of venom!
* * * LOW HITPOINT WARNING * * *
You are poisoned.
The centaur hits you but does no damage.
The centaur misses you.
You feel better. The centaur hits you.
The centaur kicks you but does no damage.
The gnoll sergeant hits you from afar with a +4 trident of venom!
You die...

g#..#.##.######
#....#.#..
.......g.gg)g.#
######.#..
.####..######.#
#..^...#+# #.. #g#
#.####.... #..
#.### #.... #..
#...# #....
#..########g#.#
#....
#......gg.....#
#....
#....@#####.###
#.... +.....c# #.#
#....
######........ ..#
#....
#...##....!....###
#####
#...##########.#
#..<# .# #..)# .
#...# # ##.[#


You could see a gnoll sergeant, a centaur and 2 gnolls.

Vanquished Creatures
  Pikel (D:6)
  An ice beast (D:6)
  A sky beast (D:6)
  2 black bears
  An ogre (D:5)
  A phantom (D:7)
  2 lemures (D:6)
  Blork the orc (D:6)
  A kobold brigand (D:6)
  A bullfrog (D:7)
  2 scorpions (D:5)
  A gnoll bouda (D:4)
  5 hounds
  A jelly (D:6)
  Crazy Yiuf (D:7)
  A sleepcap (D:5)
  5 iguanas
  An orc wizard (D:7)
  9 gnolls
  9 adders
  3 white imps
  An ufetubus (D:6)
  A worm (D:4)
  3 dart slugs
  13 orcs
  6 ball pythons
  4 endoplasms
  8 goblins
  5 hobgoblins
  A quokka (D:1)
  4 bats
  4 frilled lizards
  12 kobolds
  A rat (D:2)
113 creatures vanquished.

Notes
Turn   | Place    | Note
-------+----------+-------------------------------------------
     0 | D:1      | Esekla the Deep Elf Necromancer began the quest for the
                  | Orb.
     0 | D:1      | Reached XP level 1. HP: 10/10 MP: 6/6
   303 | D:4      | Found an iron altar of Okawaru.
   367 | D:4      | Found a glowing silver altar of Zin.
   386 | D:4      | Found a radiant altar of Vehumet.
   393 | D:4      | Found a glowing golden altar of the Shining One.
   407 | D:4      | Became a worshipper of Vehumet
   457 | D:4      | Reached skill level 5 in Necromancy
   569 | D:3      | Reached XP level 2. HP: 15/15 MP: 8/8
   618 | D:3      | Identified the +5 rapier of the Hero {heavy, rN+ Dex+3}
   693 | D:2      | Found Renulab's Jewellery Shop.
   876 | D:1      | Reached XP level 3. HP: 19/19 MP: 9/9
   890 | D:1      | Learned a level 3 spell: Vampiric Draining
  1151 | D:1      | Reached skill level 1 in Short Blades
  1215 | D:2      | Reached * piety under Vehumet
  1215 | D:2      | Offered knowledge of Sandblast by Vehumet.
  1222 | D:1      | Learned a level 3 spell: Teleport Other
  1224 | D:1      | Learned a level 1 spell: Sandblast
  1290 | D:2      | Reached XP level 4. HP: 18/24 MP: 4/11
  1312 | D:2      | Found a faded altar of an unknown god.
  1380 | D:2      | Noticed a black bear
  1393 | D:2      | Killed a black bear
  1394 | D:2      | Reached skill level 1 in Translocations
  1394 | D:2      | Reached XP level 5. HP: 14/28 MP: 3/13
  1755 | D:3      | Found a stormy altar of Qazlal.
  2018 | D:3      | Found a hazy altar of Hepliaklqana.
  2018 | D:3      | Found a bloodstained altar of Trog.
  2346 | D:4      | Found Ponaysk's Antique Weapon Boutique.
  2549 | D:4      | Reached XP level 6. HP: 28/32 MP: 14/14
  2639 | D:5      | Entered Level 5 of the Dungeon
  2649 | D:5      | Got the Parchment of the Lumpy Olives
  2666 | D:5      | Found a shadowy altar of Dithmenos.
  2836 | D:5      | Reached skill level 5 in Spellcasting
  2970 | D:5      | Offered knowledge of Kiss of Death by Vehumet.
  2998 | D:6      | Noticed an ice beast
  3083 | D:4      | Reached ** piety under Vehumet
  3092 | D:4      | Reached XP level 7. HP: 13/36 MP: 10/17
  3503 | D:5      | Reached skill level 5 in Dodging
  3697 | D:6      | Reached skill level 1 in Throwing
  3778 | D:6      | Found a staircase to the Ecumenical Temple.
  3831 | D:6      | Noticed Pikel
  4043 | D:6      | Killed Pikel
  4044 | D:6      | Reached XP level 8. HP: 5/41 MP: 8/21
  4269 | D:7      | Found a runed translucent door.
  4270 | D:7      | Noticed Crazy Yiuf
  4276 | D:7      | Killed Crazy Yiuf
  4499 | D:6      | Noticed Blork the orc
  4513 | D:6      | Killed Blork the orc
  4513 | D:6      | Offered knowledge of Momentum Strike by Vehumet.
  4518 | D:6      | Learned a level 2 spell: Momentum Strike
  4705 | D:6      | Found a blossoming altar of Fedhas.
  4872 | D:7      | Reached *** piety under Vehumet
  4875 | D:7      | Reached XP level 9. HP: 21/45 MP: 19/23
  5016 | D:7      | Slain by a gnoll sergeant

Illustrated notes

Levels and vault maps discovered:
D:1:      sevenhm_arrival_forest_fort_small_3, layout_rooms,
          chequers_serial_rivers_room_b, minmay_misc_feat_five
D:2:      layout_loops_ring, dreamdust_ecumenical_altar_angels_and_demons,
          serial_shops, shop
D:3:      layout_basic, grunt_temple_overflow_open, minmay_misc_feat_iff
D:4:      layout_basic, nicolae_overflow_quartered_altars, serial_shops,
          nicolae_diamond_shop
D:5:      layout_loops_ring, lemuel_doored_altar, minmay_misc_feat_rows,
          dreamdust_wishing_well
D:6:      layout_loops_cross, fedhas_altar_fruit_tree,
          minmay_temple_entry_glass, uniq_pikel, uniq_blork_the_orc
D:7:      layout_basic, uniq_menkaure, uniq_joseph, uniq_crazy_yiuf_cottage

Skill      XL: |  1  2  3  4  5  6  7  8 |
---------------+-------------------------+-----
Necromancy     | 5 6 7 8 |  8.2
Dodging        | 3 4 5 6 |  6.0
Short Blades   | 1 2 3 |  3.8
Stealth        | 3 4 |  4.6
Spellcasting   | 4 5 7 8 |  8.7
Translocations | 1 2 3 4 |  4.4
Throwing       | 1 |  1.5

Action                     |  1- 3 |  4- 6 |  7- 9 || total
---------------------------+-------+-------+-------++-------
  Melee: Short sword       |    25 |       |       ||    25
         Unarmed           |     9 |       |       ||     9
         Rapier            |    39 |    58 |    65 ||   162
         Punch             |       |       |     1 ||     1
  Throw: Dart              |       |     8 |    10 ||    18
   Cast: Vampiric Draining |     7 |    17 |    32 ||    56
         Teleport Other    |       |       |    10 ||    10
  Evoke: Wand              |       |       |     1 ||     1
    Use: Scroll            |       |       |     1 ||     1
         Potion            |       |       |     2 ||     2
   Stab: Sleeping          |     5 |     4 |     8 ||    17
 Armour: Robe              |    32 |    17 |    23 ||    72
  Dodge: Dodged            |    85 |    65 |    71 ||   221
